 Dungeon Crawl Stone Soup version 0.28-a0-1629-gf728b707aa (webtiles) character file.

Game seed: 12676018986456682128

177 porpoise the Insei (level 5, -5/42 HPs)
             Began as a Demonspawn Transmuter on Jan 25, 2022.
             Slain by Grinder (6 damage)
             ... while paralysed by Grinder
             ... on level 3 of the Dungeon.
             The game lasted 00:08:31 (3060 turns).

porpoise the Insei (Demonspawn Transmuter)          Turns: 3060, Time: 00:08:32

Health: -5/42      AC:  7    Str: 12    XL:     5   Next: 30%
Magic:  8/8        EV:  2    Int: 14    God:
Gold:   85         SH:  0    Dex: 14    Spells: 7/8 levels left

rFire   . . .      SeeInvis .     - Unarmed
rCold   . . .      Faith    .   (no shield)
rNeg    . . .      Spirit   .   a - +0 robe
rPois   .          Reflect  .   (no helmet)
rElec   .          Harm     .   (no cloak)
rCorr   .          Rampage  .   c - +0 pair of gloves
Will    .....                   d - +2 pair of boots
Stlth   ++........              (no amulet)
HPRegen 0.14/turn               (no ring)
MPRegen 0.11/turn               (no ring)

@: paralysed
A: rugged brown scales 1, ignite blood 1, powered by death 1
a: no special abilities


You were on level 3 of the Dungeon.
You visited 1 branch of the dungeon, and saw 3 of its levels.

You collected 85 gold pieces.

Inventory:

Hand Weapons
 b - a +0 hunting sling
Missiles
 f - 58 stones
 l - 24 sling bullets
Armour
 a - a +0 robe (worn)
 c - a +0 pair of gloves (worn)
 d - a +2 pair of boots (worn)
Magical Staves
 j - a staff of cold
Scrolls
 g - a scroll of teleportation {unknown}
 h - a scroll of fog {unknown}
 k - a scroll of identify {unknown}
 m - a scroll of noise {unknown}
Potions
 e - a potion of resistance {unknown}
 i - a potion of haste {unknown}


   Skills:
 * Level 3.2 Fighting
 - Level 1.7 Dodging
 + Level 2.1 Stealth
 * Level 4.0 Unarmed Combat
 - Level 2.0 Spellcasting
 - Level 1.7 Transmutations


You had 7 spell levels left.
You knew the following spells:

 Your Spells              Type           Power      Damage    Failure   Level
a - Beastly Appendage     Tmut           12%        N/A       12%         1

Your spell library contained the following spells:

 Spells                   Type           Power      Damage    Failure   Level
 Wereblood                Tmut           6%         N/A       17%         2
 Spider Form              Tmut/Pois      3%         N/A       45%         3
 Dazzling Flash           Conj/Hex       2%         N/A       56%         3
 Ice Form                 Ice/Tmut       3%         N/A       86%         4
 Agony                    Necr           1%         N/A       100%        5
 Silence                  Hex/Air        0%         N/A       100%        5


Dungeon Overview and Level Annotations

Branches:
Dungeon (3/15)

Altars:

Shops:
D:2 :   D:3 [

Annotations:
D:3 Grinder


Innate Abilities, Weirdness & Mutations

You are partially covered in rugged brown scales. (AC +1, +3% HP)
Your demonic aura sometimes causes spilled blood to erupt in flames.
You regenerate a little health from kills.


Message History

Grinder hits you!
You barely miss Grinder.
Grinder is moderately wounded.
You hit Grinder but do no damage. Your kick misses Grinder.
You headbutt Grinder, but do no damage.
Grinder is moderately wounded.
Grinder gestures at you. You resist with significant effort.
You completely miss Grinder. You headbutt Grinder!
Grinder is heavily wounded.
Grinder hits you.
You barely miss Grinder. Your kick misses Grinder.
Your headbutt misses Grinder.
Grinder is heavily wounded.
Grinder gestures at you. Pain shoots through your body!
You are too injured to fight recklessly!
You are too injured to fight recklessly!
You are too injured to fight recklessly!
You hit Grinder. You claw Grinder, but do no damage.
Grinder is severely wounded.
Grinder hits you.
You writhe in agony.
* * * LOW HITPOINT WARNING * * *
You barely miss Grinder. You claw Grinder. Your headbutt misses Grinder.
Grinder is almost dead.
Grinder gestures at you.
You suddenly lose the ability to move!
Grinder hits you.
* * * LOW HITPOINT WARNING * * *
You writhe in agony.
* * * LOW HITPOINT WARNING * * *
Your horns disappear.
Your talons disappear.
Your +2 pair of boots unmelds from your body.
Grinder hits you but does no damage. Grinder hits you.
* * * LOW HITPOINT WARNING * * *
You writhe in agony.
* * * LOW HITPOINT WARNING * * *
Grinder hits you.
You die...

.....[. #...(. #...(. #...(
#...# ####### .# #..(#
#.....# .. ..####5..###.....#
.## .......@.'.......+ ..#
..####...###.....# #.# #...#
#∩..†.# #.# #.# #...#
#.....##+#.##
#.##..####...###...........#
##.......#.....#######....#.#
#..P..P........# #....#.#
#.PP....P......# #....#..
#......P.......# #....##.


You could see Grinder.

Vanquished Creatures
  A gnoll shaman (D:3)
  7 gnolls
  3 adders (D:2)
  2 worms (D:2)
  2 dart slugs (D:1)
  5 endoplasms
  A giant cockroach (D:1)
  2 goblins (D:1)
  2 hobgoblins
  2 quokkas
  12 ball pythons
  2 bats (D:1)
  A frilled lizard (D:1)
  4 kobolds
  5 rats
51 creatures vanquished.

Vanquished Creatures (others)
  A plant (D:3)
1 creature vanquished.

Grand Total: 52 creatures vanquished

Notes
Turn   | Place    | Note
-------+----------+-------------------------------------------
     0 | D:1      | porpoise the Demonspawn Transmuter began the quest for the
                  | Orb.
     0 | D:1      | Reached XP level 1. HP: 15/15 MP: 3/3
   217 | D:1      | Gained mutation: You are partially covered in rugged brown
                  | scales. (AC +1, +3% HP) [demonic ancestry]
   217 | D:1      | Reached XP level 2. HP: 15/21 MP: 3/5
   352 | D:1      | Reached skill level 3 in Unarmed Combat
   759 | D:1      | Reached skill level 1 in Stealth
   840 | D:1      | Gained mutation: Your demonic aura sometimes causes spilled
                  | blood to erupt in flames. [demonic ancestry]
   840 | D:1      | Reached XP level 3. HP: 27/27 MP: 4/6
  1463 | D:2      | Found a faded altar of an unknown god.
  1475 | D:2      | Gained mutation: You regenerate a little health from kills.
                  | [demonic ancestry]
  1475 | D:2      | Reached XP level 4. HP: 34/35 MP: 5/7
  2361 | D:2      | Found Binn's Book Shop.
  2835 | D:3      | Reached XP level 5. HP: 27/42 MP: 6/8
  2842 | D:3      | Reached skill level 4 in Unarmed Combat
  3019 | D:3      | Found Zoufer's Armour Shop.
  3041 | D:3      | Noticed Grinder
  3056 | D:3      | Paralysed by Grinder for 6 turns
  3059 | D:3      | HP: 1/42 [Grinder (4)]
  3060 | D:3      | Slain by Grinder

Illustrated notes

Levels and vault maps discovered:
D:1:      erik_arrival_blinker_ship, layout_loops_ring, glass_columns_a
D:2:      layout_loops_cross, nicolae_ecumenical_snake_handling, serial_shops,
          nicolae_shop_statue_plus, kennysheep_generic_room_10
D:3:      layout_basic, gammafunk_temple_overflow_elements, serial_shops, shop,
          shop, nicolae_shop_behind_doors, nicolae_grassy_gnolls,
          uniq_crazy_yiuf_cottage, uniq_grinder, uniq_sigmund

Skill      XL: |  1  2  3  4  5 |
---------------+----------------+-----
Unarmed Combat | 3 4 |  4.0
Stealth        | 1 2 |  2.1
Fighting       | 2 3 |  3.2
Dodging        | |  1.7
Spellcasting   | |  2.0
Transmutations | |  1.7

Action                   |  1- 3 |  4- 6 || total
-------------------------+-------+-------++-------
Melee: Unarmed           |    63 |    40 ||   103
       Kick              |    20 |    13 ||    33
       Punch             |     2 |     1 ||     3
       Headbutt          |    13 |     4 ||    17
 Fire: Hunting sling     |    11 |    24 ||    35
 Cast: Beastly Appendage |    24 |     9 ||    33
Armor: Robe              |    13 |     4 ||    17
Dodge: Dodged            |    33 |    29 ||    62

Table legend: (Time is in decaauts)
 A = Elapsed time spent in this place.
 B = Non-inter-level travel time spent in this place.
 C = Inter-level travel time spent in this place.
 D = Time resting spent in this place.
 E = Time spent auto-exploring this place.
 F = Levels seen in this place.
 G = Mean time per level.
                   A        B        C        D        E       F      G
               +--------+--------+--------+--------+--------+-----+--------+
         Total |   3048 |   2987 |     61 |   1159 |   1318 |   3 | 1016.0 |
       Dungeon |   3048 |   2987 |     61 |   1159 |   1318 |   3 | 1016.0 |
               +--------+--------+--------+--------+--------+-----+--------+

Top non-repeatable levels by time:
     D:1: 1501 daAuts
     D:2: 1147 daAuts
     D:3: 399 daAuts
